 Dungeon Crawl Stone Soup version 0.25-a0-975-gcae8493d64 (webtiles) character file.

Game seed: 13591727607873433861, levelgen mode: deterministic

805 HASTUR3 the Sneak (level 7, -6/46 HPs)
             Began as an Octopode Transmuter on May 9, 2020.
             Mangled by an orc priest
             ... wielding a +0 flail
              (7 damage)
             ... on level 5 of the Dungeon.
             The game lasted 00:13:11 (5279 turns).

HASTUR3 the Sneak (Octopode Transmuter)             Turns: 5279, Time: 00:13:11

Health: -6/46      AC:  1    Str: 12 (14) XL:     7   Next: 91%
Magic:  9/9        EV: 14    Int: 12 (15) God:
Gold:   301        SH:  2    Dex: 12 (13) Spells: 5/11 levels left

rFire    . . .     SeeInvis .     - Unarmed
rCold    . . .     Gourm    .   (no shield)
rNeg     . . .     Faith    .   (helmet restricted)
rPois    .         Spirit   .   d - +2 amulet of reflection
rElec    .         Reflect  +   i - +3 ring of dexterity
rCorr    .         Harm     .   (no ring)
MR       .....                  (no ring)
Stlth    ++++......             (no ring)
HPRegen  0.15/turn              (no ring)
MPRegen  0.11/turn              (no ring)
                                (no ring)
                                (no ring)

@: brilliant, flying
A: almost no armour, stealthy swim, amphibious, 8 rings, constrict 8, camouflage
1, clumsy 1, low mp 1, strong 1, gelatinous body 1, evolution 1
a: no special abilities


You were on level 5 of the Dungeon.
You were near starving.

You visited 1 branch of the dungeon, and saw 5 of its levels.

You collected 301 gold pieces.

Inventory:

Missiles
 a - 72 arrows
 k - 4 curare-tipped darts (quivered)
 n - 7 atropa-tipped darts
Jewellery
 d - a +2 amulet of reflection (around mantle)
 i - a +3 ring of dexterity (left tentacle)
Wands
 p - a wand of iceblast (8)
Scrolls
 e - 5 scrolls of identify {unknown}
 f - 2 scrolls of fear {unknown}
 j - 2 scrolls of teleportation {unknown}
 o - a scroll of blinking {unknown}
 q - a scroll of amnesia {unknown}
 s - a scroll of random uselessness {unknown}
 t - a scroll of remove curse {unknown}
Potions
 r - a potion of curing {unknown}
Comestibles
 c - 8 rations


   Skills:
 * Level 3.3 Fighting
 * Level 4.0 Dodging
 * Level 4.8 Stealth
 * Level 4.5 Unarmed Combat
 + Level 2.5 Spellcasting
 + Level 3.5 Transmutations
 + Level 3.6 Poison Magic


You had 5 spell levels left.
You knew the following spells:

 Your Spells              Type           Power        Failure   Level  Hunger
a - Beastly Appendage     Tmut           ##....       6%          1    None
b - Sticks to Snakes      Tmut           ##......     10%         2    None
c - Spider Form           Tmut/Pois      ###.......   19%         3    None

Your spell library contained the following spells:

 Spells                   Type           Power        Failure   Level  Hunger
 Ice Form                 Ice/Tmut       #.......     77%         4    None
 Blade Hands              Tmut           ##........   86%         5    None


Dungeon Overview and Level Annotations

Branches:
Dungeon (5/15)
 Temple: D:4-7

Altars:
Elyvilon
Makhleb
Trog

Shops:
D:5 :


Innate Abilities, Weirdness & Mutations

You cannot wear most types of armour.
You are very stealthy in the water. (Stealth+)
You are amphibious.
You can wear up to eight rings at the same time.
You can use your tentacles to constrict eight enemies at once.
Your skin changes colour to match your surroundings (Stealth+).
Your rubbery body absorbs attacks. (AC +1, EV +1)
You are clumsy. (Dex -2)
Your magical capacity is low. (-10% MP)
Your muscles are strong. (Str +2)
You evolve.


Message History

There was something very wrong with that liquid.
You feel weakened.
You feel dopey.
You feel clumsy. Something hits you.
* * * LOW HITPOINT WARNING * * *
It was a potion of mutation.
You feel extremely strange.
You feel less energetic.
You feel clumsy.
You feel nature experimenting on you.
Don't worry, failures die fast.
You feel stronger. Something hits you.
* * * LOW HITPOINT WARNING * * *
Okay, then.
It was a potion of brilliance.
You feel clever all of a sudden. Something hits you.
* * * LOW HITPOINT WARNING * * *
It was a potion of flight.
You feel very buoyant.
You fly up into the air.
Something completely misses you.
The orc priest hits you with a +0 flail!
You die...

### .... ... .. . ###.. .
#.#.########
...########.#....#...###
........................
..>....@................
.......#o....#.#####.##.
.....#.##o#..#.# ..#.##.
.....#.#..#....# ....##.
...#o..).o.....# .......
... ###.#.#####.# .......
....###.#.....#.#........
................#...#####
########....#####+##


You could see an orc priest and an orc wizard.

Vanquished Creatures
  Sigmund (D:2)
  Menkaure (D:5)
  An ogre (D:4)
  A scorpion (D:4)
  A howler monkey (D:4)
  An orc priest (D:3)
  Jessica (D:2)
  An iguana (D:4)
  3 orc wizards
  2 worker ants (D:4)
  7 adders
  An ooze (D:3)
  An adder zombie (D:5)
  5 worms
  2 dart slugs (D:2)
  2 leopard geckos (D:1)
  8 orcs
  3 bats
  3 giant cockroaches
  5 goblins
  2 hobgoblins (D:1)
  4 jackals (D:1)
  A quokka (D:2)
  2 ball pythons
  4 frilled lizards
  9 kobolds
  2 leopard gecko skeletons (D:4)
  A quokka zombie (D:5)
  2 rats
77 creatures vanquished.

Notes
Turn   | Place    | Note
-------+----------+-------------------------------------------
     0 | D:1      | HASTUR3 the Octopode Transmuter began the quest for the
                  | Orb.
     0 | D:1      | Reached XP level 1. HP: 13/13 MP: 3/3
    87 | D:1      | Reached skill level 1 in Stealth
   232 | D:1      | Reached XP level 2. HP: 12/18 MP: 5/5
   876 | D:1      | Reached XP level 3. HP: 23/23 MP: 6/6
   880 | D:1      | Learned a level 2 spell: Sticks to Snakes
  1207 | D:2      | Noticed Sigmund
  1605 | D:2      | Killed Sigmund
  1605 | D:2      | Reached XP level 4. HP: 14/30 MP: 7/7
  1605 | D:2      | Reached XP level 5. HP: 17/35 MP: 8/8
  1622 | D:2      | Learned a level 3 spell: Spider Form
  1848 | D:2      | Reached skill level 1 in Poison Magic
  2002 | D:2      | Reached XP level 6. HP: 40/40 MP: 9/9
  2147 | D:2      | Noticed Jessica
  2154 | D:2      | Killed Jessica
  3438 | D:3      | Found a bloodstained altar of Trog.
  3770 | D:4      | Reached XP level 7. HP: 29/45 MP: 10/10
  4782 | D:4      | Found a white marble altar of Elyvilon.
  4783 | D:4      | Found a burning altar of Makhleb.
  4914 | D:5      | Entered Level 5 of the Dungeon
  4940 | D:5      | Found Hajig's Jewellery Emporium.
  5009 | D:5      | Found Vixtigg's Book Emporium.
  5204 | D:5      | Noticed Menkaure
  5239 | D:5      | Killed Menkaure
  5277 | D:5      | Gained mutation: Your magical capacity is low. (-10% MP)
                  | [potion of mutation]
  5277 | D:5      | Gained mutation: You are clumsy. (Dex -2) [potion of
                  | mutation]
  5277 | D:5      | Gained mutation: You evolve. [potion of mutation]
  5277 | D:5      | Gained mutation: Your muscles are strong. (Str +2) [potion
                  | of mutation]
  5278 | D:5      | HP: 1/46 [something (3)]
  5279 | D:5      | Mangled by an orc priest

Illustrated notes

Levels and vault maps discovered:
D:1:      nicolae_arrival_memento_mori, layout_loops_ring, kennysheep_boxes
D:2:      layout_loops_cross, uniq_jessica, uniq_sigmund
D:3:      minmay_spotlight, layout_basic, marbit_many_paths
D:4:      layout_layer_cave, gammafunk_temple_overflow_pools, first_ration
D:5:      layout_basic, slow_altar_2, serial_shops,
          nicolae_shop_temple_entry_statues_fountains, shop, shop,
          kennysheep_little_box, nicolae_shop_window_shopping, uniq_menkaure

Skill      XL: |  1  2  3  4  5  6  7 |
---------------+----------------------+-----
Stealth        | 1 3 4 |  4.8
Fighting       | 2 3 |  3.3
Dodging        | 3 4 |  4.0
Transmutations | 3 |  3.5
Poison Magic   | 1 3 |  3.6
Unarmed Combat | 4 |  4.5
Spellcasting   | |  2.5

Action                   |  1- 3 |  4- 6 |  7- 9 || total
-------------------------+-------+-------+-------++-------
Melee: Unarmed           |    69 |    74 |    62 ||   205
       Constrict         |    19 |    20 |    16 ||    55
       Tentacles         |    12 |    19 |    15 ||    46
       Punch             |       |     3 |     2 ||     5
Throw: Dart              |       |     9 |     2 ||    11
 Cast: Sticks to Snakes  |       |       |     2 ||     2
  Use: Potion            |       |     1 |     5 ||     6
 Stab: Sleeping          |     9 |     2 |       ||    11
       Distracted        |     1 |       |       ||     1
  Eat: Chunk             |     2 |     7 |     3 ||    12
Armor: Skin              |     5 |     1 |       ||     6
Dodge: Dodged            |    31 |    43 |    25 ||    99
Block: Other             |     2 |     4 |     4 ||    10

Table legend:
 A = Non-vault XP
 B = Vault XP
 C = Vault XP percentage of total XP
 D = Non-vault monster count
 E = Vault monster count
 F = Vault count percentage of total count
                 A         B        C        D         E       F
            +---------+---------+-------+---------+---------+-------
      Total |     720 |     430 |  37.4 |      70 |       7 |   9.1
            +---------+---------+-------+---------+---------+-------
        D:1 |      38 |       0 |   0.0 |      21 |       0 |   0.0
        D:2 |      77 |     249 |  76.4 |      16 |       2 |  11.1
        D:3 |     139 |      19 |  12.0 |      14 |       4 |  22.2
        D:4 |     412 |       0 |   0.0 |      12 |       0 |   0.0
        D:5 |      54 |     162 |  75.0 |       7 |       1 |  12.5
            +---------+---------+-------+---------+---------+-------
